[Event "*** Titled Tuesday Blitz"]
[Site "Chess.com"]
[Date "2020.01.07"]
[Round "7"]
[White "boasovietica"]
[Black "mohssenbinaddi"]
[Result "0-1"]
[WhiteElo "2459"]
[BlackElo "2237"]
[TimeControl "180+2"]
[EndTime "14:36:27 PST"]
[Termination "mohssenbinaddi won by checkmate"]

1. Nf3 c6 2. c4 d5 3. e3 Nf6 4. Nc3 g6 5. cxd5 Nxd5 6. d4 Bg7 7. h4 Bg4 8. Qb3 Nxc3 9. bxc3 Qb6 10. Qc2 Bxf3 11.
gxf3 e5 12. Rb1 Qc7 13. h5 Nd7 14. a4 exd4 15. cxd4 O-O-O 16. Bd2 Rhe8 17. Be2 Nf6 18. h6 Bf8 19. a5 a6 20. Kf1 Nd5 21. e4 Nf4 22. Bxa6 bxa6 23. Rb6 c5 24. Qc4 Rxd4 25.
Qxa6+ Kd8 26. Bxf4 Qxf4 27. Qa8+ Ke7 28. Rb7+ Kf6 29.
Qxe8 Rd1+ 30. Kg2 Qg5+ 31. Kh3 Qh5+ 32. Kg3 Bd6+ 33. f4 Qg5+ 34. Kf3 Qxf4+ 35. Kg2 Qg4# 0-1

[Event "*** Titled Tuesday Blitz"]
[Site "Chess.com"]
[Date "2020.01.07"]
[Round "7"]
[White "FearNoEvil12"]
[Black "ahachess"]
[Result "1-0"]
[WhiteElo "2054"]
[BlackElo "2199"]
[TimeControl "180+2"]
[EndTime "14:36:29 PST"]
[Termination "FearNoEvil12 won by resignation"]

1. e4 c5 2. Nc3 d6 3. f4 g6 4. Bc4 Bg7 5. Nf3 e6 6. f5 exf5 7. d3 Nh6 8. O-O O-O 9. Qe1 Nc6 10. Bg5 Qa5 11. Qh4 Ng4 12. Nd5 b5 13. Bb3 c4 14. h3 Nge5 15. Nf6+ Bxf6 16. Bxf6 Qb6+ 17. Kh1 Nd7 18. Bc3 cxb3 19. exf5 Qd8 20. Qh6 Nde5 21. Ng5 Qxg5 22. Qxg5 f6 23. Qg3 g5 24. axb3 Bb7 25. Rae1 b4 26. Bxe5 dxe5 27. h4 h6 28. Qg4 Kg7 29. Qh5 Ne7 30. Ra1 a6 31. Ra5 Rac8 32. Rf2 Rfd8 33. Kh2 Rd4 34. g3 Bc6 35. Rxa6 Be8 36.
Qe2 gxh4 37. Rg2 h3 38. Kxh3 Nxf5 39. Qf2 Bd7 40. Kh2 Kh8 41. g4 Ng7 42. Qxf6 Rxg4 43. Rxg4 Bxg4 44. Qxh6+ Kg8 45. Rg6 Rxc2+ 46. Kg3 Rc7 47. Kxg4 Kf8 48. Qh8+ Kf7 49. Qxg7+ 1-0

[Event "*** Titled Tuesday Blitz"]
[Site "Chess.com"]
[Date "2020.01.07"]
[Round "7"]
[White "Region_07"]
[Black "AminMolaei"]
[Result "1-0"]
[WhiteElo "2404"]
[BlackElo "2562"]
[TimeControl "180+2"]
[EndTime "14:36:30 PST"]
[Termination "Region_07 won by resignation"]

1. d4 Nf6 2. Bg5 c5 3. dxc5 Ne4 4. h4 Qa5+ 5. Nd2 Nxd2 6. Qxd2 Qxc5 7. e4 h6 8. Be3 Qc7 9. Nf3 d6 10. O-O-O Nc6 11.
Kb1 e5 12. Bc4 Be6 13. Bd5 O-O-O 14. c4 Kb8 15. Qc3 Ne7 16. Qa3 b6 17. Ne1 Nxd5 18.
cxd5 Bd7 19. Rc1 Qb7 20. Nd3 a5 21. Qb3 b5 22. Qa3 Be7 23. Qxa5 Rc8 24. Nb4 Rxc1+ 25. Rxc1 Rc8 26. Na6+ Ka8 27. Nc5+ Qa7 28. Qxa7+ Kxa7 29. Nxd7+ Kb7 30. Rxc8 Kxc8 31. Nb6+ Kb7 32. a4 bxa4 33. Nxa4 Bxh4 34. Kc2 h5 35. f3 Bd8 36. b4 g6 37. Nc3 f5 38. Kd3 f4 39. Bf2 g5 40.
Nb5 Be7 41. Kc4 g4 42. Nc3 g3 43. Bg1 h4 44. Kb5 Bd8 45. Nb1 Bc7 46. Na3 Bb8 47.
Nc4 Ba7 48. Nxd6+ Ka8 49. Bxa7 Kxa7 50. Nc4 h3 51. d6 Kb8 52. Kc6 Kc8 53. d7+ Kd8 54.
Nxe5 hxg2 55. Nf7+ Ke7 56. d8=Q+ Kxf7 57. Qd1 Ke6 58. Qg1 Ke5 59. Qxg2 Kd4 60. b5 Ke3 61. b6 Kd3 62. b7 1-0

[Event "*** Titled Tuesday Blitz"]
[Site "Chess.com"]
[Date "2020.01.07"]
[Round "7"]
[White "Korchmar_Vasiliy"]
[Black "wonderfultime"]
[Result "1-0"]
[WhiteElo "2812"]
[BlackElo "2951"]
[TimeControl "180+2"]
[EndTime "14:36:36 PST"]
[Termination "Korchmar_Vasiliy won by resignation"]

1. d4 d5 2. c4 c6 3. Nf3 Nf6 4. g3 Bf5 5. Nc3 e6 6. Nh4 Be4 7. f3 Bg6 8. Qb3 Qb6 9. c5 Qc7 10. Bf4 Qc8 11. e4 Nbd7 12. exd5 Nxd5 13. Nxd5 cxd5 14.
O-O-O Be7 15. Nxg6 hxg6 16. Kb1 O-O 17. h4 e5 18.
Bxe5 Nxe5 19. dxe5 Qxc5 20. h5 gxh5 21. Rxh5 Rac8 22.
Bd3 g6 23. Rh2 Kg7 24. f4 Rh8 25. Rxh8 Rxh8 26. Qxb7 Rh2 27. Rc1 Qd4 28. Bc2 Kf8 29.
a3 Qb6 30. Qxb6 axb6 31. Bb3 Rg2 32. Rc8+ Kg7 33. Rc7 Kf8 34. Rb7 Rxg3 35. Rxb6 d4 36. a4 d3 37. a5 Bc5 38. Rb8+ Kg7 39. a6 d2 40. Bd1 Rg1 41. Kc2 Rf1 42. b4 Bg1 43. b5 Rxf4 44. b6 Ra4 45. b7 Rxa6 46. Ra8 Rc6+ 47. Kxd2 Bh2 1-0

[Event "*** Titled Tuesday Blitz"]
[Site "Chess.com"]
[Date "2020.01.07"]
[Round "7"]
[White "Incognito_Knight"]
[Black "benhal"]
[Result "1/2-1/2"]
[WhiteElo "2755"]
[BlackElo "2397"]
[TimeControl "180+2"]
[EndTime "14:36:38 PST"]
[Termination "Game drawn by agreement"]

1. e4 c5 2. Nf3 Nc6 3. d4 cxd4 4. Nxd4 Nf6 5. Nc3 e5 6. Ndb5 d6 7. Bg5 a6 8. Na3 b5 9. Nd5 Be7 10. Bxf6 Bxf6 11. c3 Bg5 12. Nc2 Ne7 13. Ncb4 Nxd5 14. Qxd5 Be6 15. Qc6+ Bd7 16. Qxd6 Be7 17. Qd2 O-O 18. Nd5 Bc5 19. Bd3 Be6 20. Ne3 Qg5 21. h4 Qg6 22. b4 Bxe3 23. Qxe3 Rac8 24. Bf1 Rfd8 25. h5 Qf6 26. Be2 h6 27. O-O Bc4 28.
a4 Qh4 29. Rfc1 Bxe2 30. Qxe2 Rc4 31. axb5 axb5 32. g3 Qxe4 33. Qxe4 Rxe4 34. Ra5 Rb8 35. Rd1 Rc4 36. Rd5 Rxc3 37. Rxe5 Rc4 38. Raxb5 Rxb4 39. Rxb4 Rxb4 40. Kg2 Rb8 41. Re7 Kf8 42. Ra7 Rb5 43. g4 g6 44. hxg6 fxg6 45. Kg3 h5 46. gxh5 Rxh5 47.
Kg4 Rf5 48. f4 Rf7 49. Ra6 Kg7 50. Kg5 1/2-1/2

[Event "*** Titled Tuesday Blitz"]
[Site "Chess.com"]
[Date "2020.01.07"]
[Round "7"]
[White "mersad_98"]
[Black "GianmarcoVaR"]
[Result "0-1"]
[WhiteElo "2739"]
[BlackElo "2599"]
[TimeControl "180+2"]
[EndTime "14:36:44 PST"]
[Termination "GianmarcoVaR won by resignation"]

1. e4 c5 2. Nf3 d6 3. d4 cxd4 4. Nxd4 Nf6 5. Nc3 a6 6. f3 e5 7.
Nb3 Be6 8. Be3 Nbd7 9. Qd2 b5 10.
O-O-O Be7 11. g4 b4 12. Nd5 Bxd5 13. exd5 Nb6 14. Bxb6 Qxb6 15. g5 Nh5 16. h4 a5 17.
Kb1 a4 18. Nc1 O-O 19. Bh3 Nf4 20. Bf5 g6 21. Be4 h6 22. gxh6 f5 23. Bd3 a3 24.
b3 Qd4 25. c3 bxc3 26. Qc2 Qc5 27. h5 gxh5 28. Bxf5 Kh8 29. Nd3 Nxd3 30. Bxd3 Rxf3 31. Rxh5 Rf2 32. Be2 Rg8 33. Rf5 Rgg2 34. Rxf2 Qxf2 35. Bd3 Qf3 36. Qc1 c2+ 37. Bxc2 Qc3 38. Qxa3 Qxc2+ 39. Ka1 Qxd1+ 0-1

[Event "*** Titled Tuesday Blitz"]
[Site "Chess.com"]
[Date "2020.01.07"]
[Round "7"]
[White "shanemelaughcm"]
[Black "newauto"]
[Result "1-0"]
[WhiteElo "2287"]
[BlackElo "2045"]
[TimeControl "180+2"]
[EndTime "14:36:45 PST"]
[Termination "shanemelaughcm won on time"]

1. e4 c6 2. d4 d5 3. exd5 cxd5 4. Bf4 Nc6 5. Nc3 Bf5 6. Nb5 Rc8 7. c3 e6 8. Bd3 Bxd3 9. Qxd3 a6 10. Na3 Bxa3 11.
bxa3 Na5 12. Ne2 Nc4 13. O-O Nf6 14. Rab1 Qd7 15. a4 O-O 16. Rb4 Nh5 17. Be3 Nd6 18.
Rfb1 Rc7 19. Bf4 Nxf4 20. Nxf4 Rfc8 21. R1b3 a5 22. Rb6 Nc4 23. R6b5 b6 24. Qg3 f6 25. Nh5 Kf8 26. Nf4 e5 27. dxe5 Nxe5 28. Nxd5 Rc5 29. Qh3 Qxh3 30. gxh3 Nf3+ 31. Kg2 Rxb5 32. Rxb5 Nh4+ 33. Kg3 Nf5+ 34. Kf4 Nd6 35. Rxb6 g5+ 36.
Kg4 Ne4 37. Kf5 Nxf2 38. Rxf6+ Kg7 39. Ke6 Rc6+ 40. Ke7 Rxf6 41. Nxf6 Nxh3 42. c4 Nf2 43. c5 1-0

[Event "*** Titled Tuesday Blitz"]
[Site "Chess.com"]
[Date "2020.01.07"]
[Round "7"]
[White "BIG_Pirate"]
[Black "W_Amadeus"]
[Result "0-1"]
[WhiteElo "2408"]
[BlackElo "2658"]
[TimeControl "180+2"]
[EndTime "14:36:47 PST"]
[Termination "W_Amadeus won by resignation"]

1. Nf3 Nf6 2. c4 e6 3. g3 d5 4.
Bg2 Be7 5. O-O O-O 6. d4 dxc4 7. Qc2 b6 8. Ne5 Qxd4 9. Bxa8 Qxe5 10. Bf4 Qh5 11. Bg2 Nd5 12. Qxc4 Ba6 13. Qa4 Bxe2 14. Re1 Bf3 15. Nc3 Bxg2 16. Kxg2 b5 17. Qe4 c6 18.
Bxb8 Rxb8 19. Rac1 g6 20. Qe5 Qxe5 21. Rxe5 Nxc3 22.
bxc3 Rd8 23. c4 Bf6 24. Rc5 Rd2 25. cxb5 cxb5 26. R1c2 Rxc2 27. Rxc2 Bd4 28. Kf3 Kg7 29. Ke4 Bb6 30. Ke5 h5 31. Kd6 Kf6 32. Kc6 b4 33. Kb5 Kf5 34. Kxb4 Kg4 35. Rc4+ Kh3 36. Rf4 f5 37. a4 g5 38. Rc4 Bxf2 39. Rc6 Kxh2 40.
Rxe6 Kxg3 0-1

[Event "*** Titled Tuesday Blitz"]
[Site "Chess.com"]
[Date "2020.01.07"]
[Round "7"]
[White "francyIM"]
[Black "LimeInTheCoconut"]
[Result "0-1"]
[WhiteElo "2603"]
[BlackElo "2473"]
[TimeControl "180+2"]
[EndTime "14:36:48 PST"]
[Termination "LimeInTheCoconut won by resignation"]

1. d4 Nf6 2. c4 e6 3. Nc3 d5 4. cxd5 exd5 5. Bg5 Be7 6. e3 c6 7. Bd3 O-O 8. Nf3 Bg4 9. Qc2 Bxf3 10. gxf3 Nbd7 11.
Rg1 Kh8 12. O-O-O h6 13. Bf4 Nh5 14. Bg3 Nxg3 15. hxg3 Rc8 16. Kb1 c5 17. dxc5 Rxc5 18.
Qb3 Qa5 19. Qxb7 Rb8 20. Qxb8+ Nxb8 21. Ne2 Bf6 22. Nd4 Bxd4 23. exd4 Rc8 24. Rge1 Nc6 25.
Rc1 Qd8 26. Ba6 Rc7 27. Bb5 Ne7 28. Rcd1 g6 29. Ba4 Kg7 30. Bb3 Nc6 31. Re3 Re7 32. Rc3 Qd6 33. Rc5 Rd7 34. Rxd5 Qe7 35. Rxd7 Qxd7 36. d5 Ne5 37. f4 Ng4 38. Rd2 Qd6 39. a3 Nf6 40. Ka2 Ne4 41. Re2 Nc5 42.
Bc4 a5 43. b3 h5 44. a4 h4 45. gxh4 Qxf4 46. Kb2 Nb7 47. Kc3 Qxh4 48. Bd3 Nd6 49.
Rd2 Qb4+ 50. Kc2 Qc5+ 51. Kb2 0-1

[Event "*** Titled Tuesday Blitz"]
[Site "Chess.com"]
[Date "2020.01.07"]
[Round "7"]
[White "manmanlai1"]
[Black "SirMittensofMittensville"]
[Result "0-1"]
[WhiteElo "2389"]
[BlackElo "2561"]
[TimeControl "180+2"]
[EndTime "14:36:48 PST"]
[Termination "SirMittensofMittensville won by resignation"]

1. d4 Nf6 2. Nf3 e6 3. c4 Bb4+ 4. Nbd2 O-O 5. g3 d5 6. a3 Be7 7. Bg2 b6 8. O-O Bb7 9. Qc2 c5 10. dxc5 bxc5 11. cxd5 exd5 12. Ne5 Nbd7 13. Nxd7 Qxd7 14.
Nf3 Bd6 15. Rd1 Rfe8 16. e3 Rac8 17. Bd2 Ne4 18. Be1 h6 19. Rac1 Bf8 20. Nd2 Nf6 21. Nc4 Qe6 22. Na5 Ba8 23. Nb3 h5 24. h3 h4 25. g4 Bd6 26. Nd2 Be7 27. Qa4 Qb6 28.
Rc2 Bc6 29. Qb3 Qxb3 30. Nxb3 Ba4 31. Na1 Bxc2 32. Nxc2 Red8 33. Ba5 Rd6 34. Ne1 Ne4 35. f3 Nf6 36. Nd3 Re6 37. Kf2 Rb8 38. Bc3 Bd6 39. g5 Bg3+ 40. Kf1 Nd7 41. f4 Rxe3 42. Bxd5 Kf8 43.
Rd2 Nb6 44. Bc6 Nc4 45. Rd1 Re6 46. Bd5 Ne3+ 47. Ke2 Nxd5+ 0-1

[Event "*** Titled Tuesday Blitz"]
[Site "Chess.com"]
[Date "2020.01.07"]
[Round "7"]
[White "Hikaru"]
[Black "Genghis_K"]
[Result "1/2-1/2"]
[WhiteElo "3122"]
[BlackElo "2920"]
[TimeControl "180+2"]
[EndTime "14:36:50 PST"]
[Termination "Game drawn by agreement"]

1. Nf3 Nf6 2. b3 g6 3. Bb2 Bg7 4. d4 O-O 5. e3 d6 6. Be2 Nc6 7. O-O Bf5 8. c4 e5 9. dxe5 dxe5 10. Qc1 e4 11. Rd1 Qc8 12. Nd4 Nxd4 13. Bxd4 Bg4 14. Nc3 Bxe2 15. Nxe2 Qg4 16. Qb2 Nh5 17.
h3 Bxd4 18. Rxd4 Qe6 19. Rad1 Nf6 20. Nf4 Qe5 21. Qd2 Kg7 22. Nd5 c5 23. Nxf6 cxd4 24. Nd7 Qd6 25. Nxf8 d3 26. Qc3+ Kg8 27. Nxh7 Kxh7 28.
Qd4 Qe7 29. f3 f5 30. fxe4 fxe4 31. c5 Rd8 32. Qc4 Kh6 33. b4 Qe5 34. b5 Rf8 35.
c6 bxc6 36. bxc6 Qg3 37. Qd4 Qf2+ 38. Kh2 Qc2 39. Rf1 Rxf1 40. Qh8+ Kg5 41. Qd8+ Kh6 42. Qh8+ Kg5 43. Qd8+ Kf5 44. c7 Rc1 45. Qd5+ Kf6 46. Qd6+ 1/2-1/2

[Event "*** Titled Tuesday Blitz"]
[Site "Chess.com"]
[Date "2020.01.07"]
[Round "7"]
[White "Mr_Sinigami"]
[Black "moro182"]
[Result "1-0"]
[WhiteElo "2596"]
[BlackElo "2736"]
[TimeControl "180+2"]
[EndTime "14:36:51 PST"]
[Termination "Mr_Sinigami won by checkmate"]

1. d4 d5 2. Nf3 Nf6 3. Bf4 c5 4. e3 Nc6 5. c3 e6 6. Nbd2 Bd6 7. Bg3 O-O 8. Bb5 Be7 9. Bd3 Nh5 10. Ne5 g6 11. f4 Qb6 12. Rb1 f6 13. Nxg6 Ng7 14. Nxf8 Bxf8 15. Nf3 Bd7 16. O-O Rd8 17. Bf2 Be8 18. b4 c4 19. Bc2 Bh5 20. e4 dxe4 21. Bxe4 f5 22. Bc2 Ne7 23. Bh4 Nd5 24. Bxd8 Qxd8 25.
Qd2 b5 26. Rbe1 Bd6 27. Ne5 Qc7 28. Bd1 Bxd1 29. Rxd1 a5 30. a3 Nh5 31. Rf3 Nhf6 32. Qf2 Ne4 33. Qh4 Ndxc3 34. Rxc3 axb4 35. axb4 Bxb4 36. Rh3 c3 37. Qh6 Qe7 38. Ra1 Nf6 39. Ra8+ Ne8 40. Rxe8+ Qxe8 41. Rg3+ Kh8 42. Qg7# 1-0

[Event "*** Titled Tuesday Blitz"]
[Site "Chess.com"]
[Date "2020.01.07"]
[Round "7"]
[White "Mikhail_Golubev"]
[Black "DrRiebert"]
[Result "1-0"]
[WhiteElo "2591"]
[BlackElo "2371"]
[TimeControl "180+2"]
[EndTime "14:36:52 PST"]
[Termination "Mikhail_Golubev won by checkmate"]

1. e4 c5 2. Nf3 Nc6 3. Nc3 Nf6 4. Bb5 Nd4 5. e5 Nxb5 6. Nxb5 Nd5 7. Ng5 e6 8. Ne4 Be7 9. Nbd6+ Kf8 10. Qh5 Bxd6 11. Nxd6 Qe7 12. O-O f6 13. f4 g6 14. Qh6+ Kg8 15. b3 b6 16. Bb2 f5 17. Rf3 Rb8 18. Rg3 Bb7 19. Ba3 Bc6 20. d4 Nb4 21. Rc1 Nxa2 22. Ra1 Nb4 23. Bxb4 cxb4 24. Rxa7 Ra8 25. Rxa8+ Bxa8 26. h4 Qg7 27. Qg5 h6 28. Qd8+ Kh7 29. Qxb6 Bc6 30. Qxb4 Ra8 31. Qd2 Qf8 32. Kh2 Ra2 33.
h5 gxh5 34. Qe2 h4 35. Rh3 Qa8 36. Rxh4 Be4 37. Qh5 Qe8 38. Nxe8 Bf3 39. Nf6+ Kg7 40. Qxh6+ Kf7 41. Qh7+ Kf8 42. Qh8+ Ke7 43. Qe8# 1-0

[Event "*** Titled Tuesday Blitz"]
[Site "Chess.com"]
[Date "2020.01.07"]
[Round "7"]
[White "SavelievAlexei"]
[Black "Supernotar"]
[Result "0-1"]
[WhiteElo "2331"]
[BlackElo "2556"]
[TimeControl "180+2"]
[EndTime "14:36:53 PST"]
[Termination "Supernotar won on time"]

1. e4 c6 2. d4 d5 3. exd5 cxd5 4. Bd3 Nc6 5. c3 Qc7 6. h3 g6 7. Ne2 Bf5 8. Bf4 Qc8 9. O-O Bxd3 10. Qxd3 Bg7 11.
Nd2 Nf6 12. Nf3 O-O 13. Ne5 Ne4 14. Rae1 e6 15. Ng4 Qd7 16. Nc1 Rac8 17. Qe2 Rfe8 18. Nd3 f6 19. Bh2 b6 20. Rd1 Rcd8 21. Rfe1 Qf7 22.
Qc2 Ne7 23. Qa4 Nf5 24. Nb4 Rc8 25. Ne3 Bf8 26. Nd3 Kh8 27. Qb3 Bd6 28. Bxd6 Nfxd6 29. Nf4 Re7 30. Re2 Nf5 31. Rde1 Rce8 32. Nxf5 gxf5 33.
Qa4 e5 34. Qa3 exf4 35. f3 Rg8 36. fxe4 fxe4 37. Kh1 f3 38. gxf3 Qh5 39. Rh2 Qxf3+ 0-1

[Event "*** Titled Tuesday Blitz"]
[Site "Chess.com"]
[Date "2020.01.07"]
[Round "7"]
[White "yoolund"]
[Black "Glufs"]
[Result "0-1"]
[WhiteElo "2491"]
[BlackElo "2379"]
[TimeControl "180+2"]
[EndTime "14:36:53 PST"]
[Termination "Glufs won on time"]

1. d4 d5 2. Nf3 Nf6 3. c4 c6 4. Nc3 dxc4 5. a4 Bf5 6. e3 e6 7. Bxc4 Bb4 8. O-O O-O 9. Qe2 Nbd7 10. e4 Bg6 11. e5 Nd5 12. Nxd5 cxd5 13. Bd3 Bxd3 14.
Qxd3 Be7 15. Be3 Nb8 16. Ne1 Nc6 17. f4 f5 18. exf6 Bxf6 19. Nf3 Rc8 20. Rfc1 Qb6 21.
Qb5 Nxd4 22. Bxd4 Bxd4+ 23. Kh1 Qxb5 24. axb5 Bxb2 25. Rxc8 Rxc8 26. Re1 Rc1 27. Kg1 a5 28. bxa6 bxa6 29. Kf2 Rxe1 30. Nxe1 a5 31. Nd3 Bd4+ 32. Ke2 a4 33. Kd2 a3 34. Nb4 Kf7 35. g4 Bc5 36.
Nc2 Kf6 37. Kc3 e5 38. fxe5+ Kxe5 39. Kb3 d4 40. Kc4 a2 41. Kb3 d3 42. Ne1 a1=Q 0-1

[Event "*** Titled Tuesday Blitz"]
[Site "Chess.com"]
[Date "2020.01.07"]
[Round "7"]
[White "secretsuperstar7"]
[Black "Olga_Zhuravleva"]
[Result "1-0"]
[WhiteElo "2237"]
[BlackElo "2333"]
[TimeControl "180+2"]
[EndTime "14:36:53 PST"]
[Termination "secretsuperstar7 won by resignation"]

1. d4 Nf6 2. c4 e6 3. Nc3 Bb4 4. g3 b6 5. Bg2 Bxc3+ 6. bxc3 d5 7. cxd5 exd5 8. Nf3 O-O 9. O-O Re8 10. Ne5 Bb7 11. a4 c5 12. a5 Nc6 13. Nxc6 Bxc6 14. c4 cxd4 15. Qxd4 Rxe2 16. Bg5 bxa5 17. cxd5 Bb7 18.
Rfe1 Rxe1+ 19. Rxe1 Qb6 20. Qe5 h6 21. Bxf6 Qxf6 22.
Qc7 Qb6 23. Qd7 Rf8 24. h3 g6 25. Be4 Rd8 26. Qe7 Qd6 27. Qxb7 a4 28. Qxa7 a3 29. Re3 f5 30. Bc2 Rd7 31. Qxa3 Kg7 32. Qc3+ Kh7 33. Re8 Rg7 34. Bb3 f4 35. Re6 Qb8 36. d6 fxg3 37. Qxg3 Qb6 38. Bc2 Qd4 39. Bxg6+ Kh8 40. Re8+ Rg8 41.
Rxg8+ Kxg8 42. Bf5+ Kf8 43. d7 Qd1+ 44. Kh2 Qd2 45. Qb8+ Ke7 46. Qe8+ 1-0

[Event "*** Titled Tuesday Blitz"]
[Site "Chess.com"]
[Date "2020.01.07"]
[Round "7"]
[White "Alexander_Moskalenko"]
[Black "Federtiu"]
[Result "1-0"]
[WhiteElo "2820"]
[BlackElo "2559"]
[TimeControl "180+2"]
[EndTime "14:36:57 PST"]
[Termination "Alexander_Moskalenko won by resignation"]

1. e4 g6 2. d4 Bg7 3. Nc3 d6 4. Be3 a6 5. Qd2 b5 6. h4 Nf6 7.
f3 h5 8. O-O-O c6 9. Nh3 Bxh3 10.
Rxh3 Nbd7 11. Kb1 Qc7 12. Be2 Rc8 13. g4 hxg4 14. fxg4 b4 15. Na4 Nxe4 16. Qxb4 a5 17. Qe1 Rb8 18. Bc1 Rb4 19. Nc3 Nxc3+ 20. Qxc3 c5 21. h5 g5 22. Qe3 Bf6 23. c3 cxd4 24. Rxd4 Rxd4 25. cxd4 O-O 26. Bd3 Rc8 27. Rh1 Qb6 28. Rd1 a4 29. Bf5 Qc6 30. Bd2 e6 31. Rc1 Qb7 32. Be4 d5 33. Rxc8+ Qxc8 34. Bc2 Qa6 35.
Bc1 Qc4 36. Qa3 Qxd4 37. Qxa4 Qxa4 38. Bxa4 Nc5 39. Bb5 d4 40. b4 Ne4 41. Kc2 Nf2 42.
a4 e5 43. a5 e4 44. Bb2 d3+ 45.
Kb3 d2 46. Be2 Bd8 47. Kc2 e3 48. Bd4 Be7 49. a6 Bxb4 1-0

[Event "*** Titled Tuesday Blitz"]
[Site "Chess.com"]
[Date "2020.01.07"]
[Round "7"]
[White "Parhamov"]
[Black "Yaacovn"]
[Result "1-0"]
[WhiteElo "3063"]
[BlackElo "2809"]
[TimeControl "180+2"]
[EndTime "14:36:58 PST"]
[Termination "Parhamov won by resignation"]

1. d4 Nf6 2. c4 e5 3. dxe5 Ne4 4. Nf3 Nc6 5. a3 d6 6. Nbd2 Nxd2 7. Bxd2 dxe5 8. Bc3 Qxd1+ 9. Rxd1 f6 10. e3 a5 11.
Bd3 a4 12. Ke2 Be6 13. h3 Na5 14. Nd2 Be7 15. g4 Kf7 16. f4 exf4 17. exf4 Bd6 18. f5 Bd7 19. Be4 Rhe8 20. Kf3 Nc6 21. Bd5+ Kf8 22. Ne4 Rad8 23. Rhe1 Be5 24. Kf2 Bxc3 25. Nxc3 Ne5 26. c5 b6 27. Ne2 bxc5 28. Nf4 g5 29. fxg6 hxg6 30. Be4 Kf7 31. Bd5+ Kg7 32. Kg3 g5 33.
Nh5+ Kg6 34. Be4+ Kf7 35. Rf1 Bb5 36. Rxf6+ Ke7 37. Re1 Rf8 38. Rf5 Rxf5 39. Bxf5 Kd6 40. Nf6 Bc6 41. Rd1+ Ke7 42. Rxd8 Kxd8 43. Nh7 Nc4 44.
Nxg5 Nxb2 45. h4 Ke7 46. h5 Nc4 47. h6 Kf6 48. Ne6 Nd6 49. h7 Nf7 50. Kf4 Bd7 51. g5+ Ke7 52. g6 Bxe6 53. gxf7 1-0

[Event "*** Titled Tuesday Blitz"]
[Site "Chess.com"]
[Date "2020.01.07"]
[Round "7"]
[White "Valk4"]
[Black "MikeSailer"]
[Result "1-0"]
[WhiteElo "2292"]
[BlackElo "2108"]
[TimeControl "180+2"]
[EndTime "14:37:03 PST"]
[Termination "Valk4 won by resignation"]

1. e4 d5 2. exd5 Qxd5 3. Nc3 Qd6 4. d4 Nf6 5. Nf3 c6 6. g3 Bf5 7. Bf4 Qe6+ 8. Ne2 Nbd7 9. Bg2 Be4 10. O-O h6 11.
Nc3 Bh7 12. Re1 Qc4 13. Qd2 e6 14. a3 Be7 15. Bf1 Ne4 16. Rxe4 Bxe4 17. Bxc4 Bxf3 18. Be2 Bxe2 19. Qxe2 O-O-O 20. Ne4 Nb6 21. c3 Nd5 22. Bd2 g5 23. b4 b6 24. b5 f5 25. Nc5 bxc5 26.
Qxe6+ Kb8 27. bxc6 Rhe8 28. Rb1+ Nb6 29. Qxf5 c4 30. a4 Kc7 31. a5 Nc8 32. Qb5 Nd6 33.
Qd5 Rb8 34. Rxb8 Rxb8 35. h4 Rb1+ 36. Kg2 Rb2 37. Be3 Rc2 38. hxg5 hxg5 39. Bxg5 Bxg5 40. Qxg5 Rxc3 41. Qe7+ Kxc6 42. Qxa7 Rd3 43. Qc5+ Kd7 44.
a6 Rd2 45. a7 Ra2 46. g4 Ne4 47. Qd5+ Nd6 48. a8=Q 1-0

[Event "*** Titled Tuesday Blitz"]
[Site "Chess.com"]
[Date "2020.01.07"]
[Round "7"]
[White "iLuusions"]
[Black "FredyMatsuura"]
[Result "1-0"]
[WhiteElo "2477"]
[BlackElo "2250"]
[TimeControl "180+2"]
[EndTime "14:37:04 PST"]
[Termination "iLuusions won by resignation"]

1. d4 d5 2. c4 e6 3. Nf3 Nf6 4. g3 Be7 5. Bg2 O-O 6. O-O b6 7. Qc2 Bb7 8. a3 dxc4 9. Qxc4 c5 10. Nc3 cxd4 11. Nxd4 Bxg2 12. Kxg2 Qc8 13. Qxc8 Rxc8 14. Rd1 Nbd7 15. h3 a6 16. f4 b5 17. Be3 Bc5 18. Nc2 Nb6 19. Bxc5 Rxc5 20. Ne3 h5 21. Kf3 Rac8 22.
Rd6 R5c6 23. Rad1 g6 24. g4 hxg4+ 25. hxg4 Kf8 26. f5 gxf5 27. gxf5 Ke7 28. Rxc6 Rxc6 29.
fxe6 fxe6 30. Rd4 Nfd7 31. Na2 Ne5+ 32. Ke4 Nec4 33. Nb4 Rc5 34. Nxc4 Nxc4 35. Nxa6 Re5+ 36. Kf3 Nxb2 37. e4 Rh5 38. Kg4 Rh2 39. Rb4 Nc4 40.
a4 Ne5+ 41. Kg3 Rh5 42. Rxb5 Kd6 43. Nb4 Rg5+ 44. Kh3 Rg1 45. Nc2 Re1 46. Rb4 Kc5 47.
Rb5+ Kd6 48. Rb6+ Ke7 49. Nxe1 1-0

[Event "*** Titled Tuesday Blitz"]
[Site "Chess.com"]
[Date "2020.01.07"]
[Round "7"]
[White "promen1999"]
[Black "Sebastian"]
[Result "0-1"]
[WhiteElo "2789"]
[BlackElo "2957"]
[TimeControl "180+2"]
[EndTime "14:37:08 PST"]
[Termination "Sebastian won by resignation"]

1. Nf3 d5 2. g3 Nf6 3. Bg2 e6 4.
O-O Be7 5. d4 O-O 6. Ne5 Nbd7 7.
c4 c6 8. Nxd7 Nxd7 9. Nd2 b6 10.
e4 Ba6 11. b3 Rc8 12. Bb2 Nf6 13. Re1 Bb4 14. e5 Nd7 15. Rc1 h6 16. a3 Be7 17. b4 Rc7 18. b5 cxb5 19. cxd5 Rxc1 20. Bxc1 exd5 21. Bxd5 b4 22. Ne4 bxa3 23. Ba2 Bb7 24.
Qg4 Kh8 25. Qh5 Bxe4 26. Rxe4 Bg5 27. Bxa3 Be7 28. Bc1 Bg5 29. f4 Qc7 30. Ba3 Qc3 31.
Bxf8 Qa1+ 32. Kg2 Qxa2+ 33. Re2 Qe6 34. Bxg7+ Kxg7 35. fxg5 hxg5 36. Qxg5+ Kf8 37. h4 b5 38. h5 Ke8 39. h6 Nf8 40. Qf6 Qd5+ 41. Kh2 Qc4 42. Rf2 b4 43. e6 Qxe6 44. Qxe6+ fxe6 45. g4 a5 46. g5 b3 47. Kg3 a4 48. Rh2 a3 49. h7 Nxh7 50. Rxh7 b2 51. Rb7 a2 52.
g6 b1=Q 0-1

[Event "*** Titled Tuesday Blitz"]
[Site "Chess.com"]
[Date "2020.01.07"]
[Round "7"]
[White "jefferyx"]
[Black "StephenDedalus83"]
[Result "0-1"]
[WhiteElo "2894"]
[BlackElo "2726"]
[TimeControl "180+2"]
[EndTime "14:37:13 PST"]
[Termination "StephenDedalus83 won on time"]

1. d4 g6 2. e4 Bg7 3. Nf3 d6 4. Be3 Bg4 5. Nbd2 Nc6 6. c3 e5 7. h3 Bd7 8. dxe5 dxe5 9. Be2 Nge7 10. O-O O-O 11. b4 a6 12. Qb3 h6 13. Rfd1 Qe8 14.
a4 Kh7 15. a5 f5 16. Bc5 f4 17. Nh2 h5 18. Nhf3 Bf6 19. Nc4 Be6 20. b5 axb5 21. Qxb5 g5 22. Nfxe5 Nxe5 23. Nxe5 Qxb5 24. Bxb5 Bxe5 25. Bxe7 Rg8 26. Bd7 Bxd7 27. Rxd7 Rg7 28. Rad1 Rxa5 29. Bxg5 Rc5 30. Rxg7+ Kxg7 31. Rd5 Rxd5 32.
exd5 Kg6 33. Bd8 Kf5 34. f3 b5 35. Kf1 Bd6 36. Ke2 Ke5 37. Kd3 Kxd5 38. Bf6 c5 39.
Bg7 c4+ 40. Kc2 b4 41. cxb4 Bxb4 42. Bh6 Bd6 43. Bg5 Kd4 44. Bh4 Ke3 45. Kc3 Ke2 46.
Kxc4 Kf1 47. Kd5 Bc7 48. Ke4 Kxg2 49. Kf5 Kxh3 50. Bf6 Kg3 0-1

[Event "*** Titled Tuesday Blitz"]
[Site "Chess.com"]
[Date "2020.01.07"]
[Round "7"]
[White "FearlessKing64"]
[Black "HouseOfDurin"]
[Result "1-0"]
[WhiteElo "2286"]
[BlackElo "2114"]
[TimeControl "180+2"]
[EndTime "14:37:13 PST"]
[Termination "FearlessKing64 won by resignation"]

1. e4 c5 2. Nf3 Nc6 3. Nc3 e5 4. Bc4 g6 5. d3 h6 6. Be3 d6 7.
Qd2 Bg7 8. O-O-O Nge7 9. Nd5 Be6 10. Nh4 Bxd5 11. exd5 Nxd5 12. Bxd5 Qxh4 13. f4 O-O 14. g3 Qf6 15. c3 exf4 16. Bxf4 g5 17. Be3 Qg6 18. g4 Kh8 19. h4 Ne7 20. Be4 f5 21. gxf5 Nxf5 22. hxg5 h5 23. Rdf1 Rae8 24. Qh2 Rxe4 25. dxe4 Nxe3 26. Rxf8+ Bxf8 27. Qf2 Be7 28. Qf3 Ng4 29. Qxg4 Bxg5+ 30. Kd1 Kg7 31. Rxh5 Kf6 32. Qf5+ Qxf5 33. exf5 Kxf5 34. Rh7 b5 35. Rxa7 b4 36.
cxb4 cxb4 37. Rb7 Ke6 38. Rxb4 Be7 39. a4 d5 40. Rb6+ Ke5 41. a5 Bc5 42. Rb5 Kd4 43. Rxc5 Kxc5 44. b4+ Kxb4 45. a6 Kc5 46. a7 d4 47. a8=Q Kc4 48. Qd8 Kd3 49. Qd6 Ke3 50. Qc5 Kd3 51. Qd5 Ke3 52. Qb3+ Ke4 53. Kd2 Ke5 54. Kd3 1-0